 Dungeon Crawl Stone Soup version 0.29.1-15-g9cfb28693d (webtiles) character file.

Game seed: 3977700441936005868

2 croobank the Sneak (level 1, -1/16 HPs)
             Began as an Octopode Delver on Feb 24, 2023.
             Killed by divine providence
             ... invoked by an orc priest
              (17 damage)
             ... on level 7 of the Dungeon.
             The game lasted 00:00:37 (100 turns).

croobank the Sneak (Octopode Delver)                 Turns: 100, Time: 00:00:38

Health: -1/16      AC:  1    Str: 11    XL:     1   Next: 30%
Magic:  1/1        EV: 13    Int: 12    God:
Gold:   13         SH:  0    Dex: 13    Spells: 0/0 levels left

rFire   . . .      SeeInvis .   a - +0 hand axe
rCold   . . .      Faith    .   (no shield)
rNeg    . . .      Spirit   .   (helmet restricted)
rPois   .          Reflect  .   (no amulet)
rElec   .          Harm     .   (no ring)
rCorr   .          Rampage  .   (no ring)
Will    .....                   (no ring)
Stlth   ++++......              (no ring)
HPRegen 0.05/turn               (no ring)
MPRegen 0.07/turn               (no ring)
                                (no ring)
                                (no ring)

@: no status effects
A: almost no armour, amphibious, 8 rings, camouflage 1, gelatinous body 1,
(nimble swimmer 1), tentacles
a: no special abilities


You were on level 7 of the Dungeon.
You visited 1 branch of the dungeon, and saw 3 of its levels.

You collected 13 gold pieces.

Inventory:

Hand Weapons
 a - a +0 hand axe (weapon)
 g - a +0 short sword
Missiles
 h - 5 silver javelins (quivered)
Wands
 f - a wand of digging (3)
Scrolls
 b - a scroll of fog
 c - a scroll of magic mapping
 d - a scroll of fear
Potions
 e - a potion of haste
 i - a potion of curing {unknown}


   Skills:
 + Level 3.0 Fighting
 + Level 2.0 Axes
 + Level 2.0 Dodging
 + Level 6.6 Stealth


You couldn't memorise any spells.
You didn't know any spells.
Your spell library was empty.

Dungeon Overview and Level Annotations

Branches:
Dungeon (7/15)
 Temple: D:4-7

Altars:


Innate Abilities, Weirdness & Mutations

You cannot wear most types of armour.
You are amphibious.
You can wear up to eight rings at the same time.
Your skin changes colour to match your surroundings (Stealth+).
Your rubbery body absorbs attacks. (AC +1, EV +1)
((You are camouflaged when in or above water. (Stealth+)))
You have tentacles for arms and can constrict up to eight enemies at once.


Message History

You see here a +0 short sword.
g - a +0 short sword
Found 6 stones.
Found 13 gold pieces.
Found a stone staircase leading up.
Found 5 silver javelins.
You see here 5 silver javelins.
h - 5 silver javelins You now have 13 gold pieces.
There is a stone staircase leading up here.
You climb upwards.
There is a stone staircase leading down here.
A troll comes into view.
The troll shouts!
There is a stone staircase leading down here.
You climb downwards.
There is a stone staircase leading up here.
There is a stone staircase leading up here.
Found a stone staircase leading down.
There is a stone staircase leading down here.
You climb downwards.
There is a stone staircase leading up here.
Found a scale mail.
An orc comes into view. It is wielding a +0 short sword.
An orc warrior, an orc priest and an orc come into view.
An orc priest comes into view. It is wielding a +0 club.
The orc shouts!
The orc warrior shouts!
The orc shouts!
An orc comes into view. It is wielding a +0 falchion.
An orc comes into view. It is wielding a +0 short sword.
The orc priest moves out of view.
The orc priest shouts!
You hear a shout!
The orc shouts!
You hear a shout!
You see here a green potion.
i - a green potion The orc shouts!
You hear a shout!
The orc priest looks braver for a moment.
The orc priest looks satisfied for a moment.
The orc attacks as you move away! The orc closely misses you.
The orc priest invokes the aid of Beogh against you.
Beogh smites you!
Ouch! That really hurt!
You die...

... ......####
....###.#......#
........#......#
......o.o......#
.............#.#
##...........#.###
#....o.o.[o.....#
#...o..#.##.###.#####
........#.##.@.......#
......#+#.#####.####.#
...## ... #.####.# ..
... #.#<...# ...
#.###### #. .. ##


You could see an orc warrior, an orc priest and an orc.

Vanquished Creatures
  An orc (D:6)
1 creature vanquished.

Notes
Turn   | Place    | Note
-------+----------+-------------------------------------------
     0 | D:5      | croobank the Octopode Delver began the quest for the Orb.
     0 | D:5      | Reached XP level 1. HP: 16/16 MP: 1/1
    37 | D:5      | Noticed a troll
    92 | D:7      | Noticed an orc warrior
    92 | D:7      | Noticed an orc priest
    93 | D:7      | Noticed an orc priest
   100 | D:7      | Killed from afar by an orc priest

Illustrated notes

Levels and vault maps discovered:
D:5:      nicolae_cairo_tiling, layout_basic, nrook_uturn
D:6:      layout_basic, nicolae_gozag_seed_capital, serial_shops,
          nicolae_square_shop
D:7:      cheibrodos_helix_gallery, layout_basic

Action                   || total
-------------------------++-------
Melee: Hand axe          ||     1
       Tentacles         ||     1
 Stab: Sleeping          ||     1
Dodge: Dodged            ||     1
